 Dungeon Sprint DCSS version 0.26.1-2-gb8aa6d0cf2 (webtiles) character file.

Game seed: 18178957739000542582

15000000 Groucho the Dwarf of Death (level 27, -3/298 HPs)
             Began as a Deep Dwarf Necromancer on Feb 22, 2021.
             Was the Champion of Makhleb.
             Killed from afar by a dread (11 damage)
             ... with damnation
             ... in the Dungeon (Sprint VIII: "Arena of Blood").
             The game lasted 00:07:03 (150 turns).

Groucho the Dwarf of Death (Deep Dwarf Necromancer)  Turns: 150, Time: 00:07:04

Health: -3/298     AC:  4    Str: 13    XL:     27
Magic:  39/53      EV: 36    Int: 19    God:    Makhleb [******]
Gold:   0          SH:  0    Dex: 22    Spells: 79/80 levels left

rFire    . . .     SeeInvis .   b - +∞ Axe of Woe
rCold    . . .     Faith    .   (shield currently unavailable)
rNeg     + . .     Spirit   .   a - +0 robe
rPois    .         Reflect  .   (no helmet)
rElec    .         Harm     .   (no cloak)
rCorr    .         Rampage  .   (no gloves)
Will     ++++.     NoTele   +   (no boots)
Stlth    ++++++++++             (no amulet)
HPRegen  0.00/turn              j - +250 ring of slaying
MPRegen  0.33/turn              k - +200 ring of slaying

@: lethally poisoned (-3 -> -3), non-regenerating, hasted and slowed
A: damage resistance, heal wounds, negative energy resistance 1, sense
surroundings 3, no regeneration
a: Heal Wounds, Renounce Religion, Minor Destruction, Lesser Servant of Makhleb,
Major Destruction, Greater Servant of Makhleb


You were in the Dungeon.
You worshipped Makhleb.
Makhleb was exalted by your worship.
You visited 1 branch

Inventory:

Hand Weapons
 b - the +∞ Axe of Woe (weapon)
   (You found it in the Dungeon)
Armour
 a - a +0 robe (worn)
Jewellery
 i - a +30 ring of slaying
 j - a +250 ring of slaying (left hand)
 k - a +200 ring of slaying (right hand)
Scrolls
 h - a scroll of blinking
Potions
 c - a potion of curing
 d - a potion of heal wounds
 f - 2 potions of magic
 g - a potion of berserk rage


   Skills:
 O Level 27 Fighting
 O Level 27 Short Blades
 O Level 27 Long Blades
 O Level 27 Axes
 O Level 27 Maces & Flails
 O Level 27 Polearms
 O Level 27 Staves
 O Level 27 Slings
 O Level 27 Bows
 O Level 27 Crossbows
 O Level 27 Throwing
 O Level 27 Armour
 O Level 27 Dodging
 O Level 27 Stealth
 O Level 27 Shields
 O Level 27 Unarmed Combat
 O Level 27 Spellcasting
 O Level 27 Conjurations
 O Level 27 Hexes
 O Level 27 Summonings
 O Level 27 Necromancy
 O Level 27 Translocations
 O Level 27 Transmutations
 O Level 27 Fire Magic
 O Level 27 Ice Magic
 O Level 27 Air Magic
 O Level 27 Earth Magic
 O Level 27 Poison Magic
 O Level 27 Invocations
 O Level 27 Evocations


You had 79 spell levels left.
You knew the following spells:

 Your Spells              Type           Power        Failure   Level
a - Pain                  Necr           100%         0%          1

Your spell library contained the following spells:

 Spells                   Type           Power        Failure   Level
 Animate Skeleton         Necr           100%         0%          1
 Vampiric Draining        Necr           45%          0%          3
 Animate Dead             Necr           45%          0%          4
 Agony                    Necr           91%          0%          5


Dungeon Overview and Level Annotations

Branches:
Dungeon (1/1)

Altars:
Makhleb

Annotations:
D The Meatlord


Innate Abilities, Weirdness & Mutations

You are resistant to damage.
You can heal yourself by infusing magical energy.
You resist negative energy. (rN+)
You passively map a large area around you.
You do not regenerate.


Message History

You kill the Tzitzimitl!
The ball lightning explodes!
The blast of lightning engulfs you!
* * * LOW HITPOINT WARNING * * *
The blast of lightning engulfs the destroyer.
The blast of lightning engulfs the ball lightning.
The ball lightning completely resists.
The blast of lightning engulfs the destroyer.
The blast of lightning engulfs the Tzitzimitl.
The Tzitzimitl resists.
You are engulfed in blazing flames.
* * * LOW HITPOINT WARNING * * *
You hear a roar!
You hear a shout!
You hear a deafening roar!
You hear a shout! x2
You hear a howl!
You hear a shout! x2; You hear a roar!
You hear a shout! x3
You hear an angry hiss.
You hear a shout! x2; You hear an angry hiss. x2
You hear a shout! x2
A meat beast comes into view.
The destroyer blinks!
The meat berserker is engulfed in blazing flames.
The dread throws damnation at you.
The sphere of damnation explodes!
The damnation engulfs you!
You die...

, , .......... , , ,
2........ , ,,*
,,,,#°......# , , ,
, , #.. o #SO.....#
, , , ,
....###.§°....###O
,, ,,
,.....L...###......
, ,,,
.#........§§VD... ,
, , .......#§)O§.#..
,* , .......#_§@§V#
, ,, , ,
.......#1))))# , , ,
,
.#...W&S†*_))......
,
,...V.p.M*###..V....
*, , , , ....###...
..###.. ,,, , , ,, .
,#1.. .o# ,,. ,, ,
,,,, , #D.. ..#,, ,
, , §....,..o ,, ,
,, .... ....,,* , ,


You could see The Meatlord, an accursed, 2 Tzitzimimeh, a meat beast (fast), a
tyrant, 2 eight-headed meat hydras, 4 destroyers, 2 scourges, a fleshlord, a
large bag of meat (inner flame), a dread, 2 meat berserkers, 2 bags of meat and
2 ball lightnings.

Vanquished Creatures
  8 hell knights (D)
  15 hell beasts (D)
  11 royal mummies (D)
  6 great orbs of eyes (D)
  11 wraiths (D)
  Harold (D)
  17 vampire knights (D)
  37 ogres (D)
  9 two-headed ogres (D)
  5 liches (D)
  2 hydras (D)
  68 orcs (D)
  3 phantoms (D)
  9 skeletal warriors (D)
  A sea snake (D)
  5 small abominations (D)
  7 large abominations (D)
  2 ball lightnings (D)
  16 crawling corpses (D)
233 creatures vanquished.

Vanquished Creatures (others)
  A two-headed ogre (D)
  A ball lightning (D)
  2 crawling corpses (D)
4 creatures vanquished.

Grand Total: 237 creatures vanquished

Notes
Turn   | Place    | Note
-------+----------+-------------------------------------------
     0 | D        | Found the +∞ Axe of Woe
     0 | D        | Groucho the Deep Dwarf Necromancer began the quest for the
                  | Orb.
     0 | D        | Reached XP level 1. HP: 15/15 MP: 3/3
     4 | D        | Noticed a bag of meat
     4 | D        | Noticed a bag of meat
     4 | D        | Noticed a bag of meat
     4 | D        | Noticed a meat berserker
     7 | D        | Noticed a bag of meat
     8 | D        | Killed a meat berserker
     8 | D        | Noticed a meat berserker
     8 | D        | Noticed a bag of meat
     8 | D        | Noticed a bag of meat
     9 | D        | Reached skill level 10 in Spellcasting
     9 | D        | Reached skill level 27 in Necromancy
     9 | D        | Reached XP level 2. HP: 22/22 MP: 3/13
     9 | D        | Reached XP level 3. HP: 28/28 MP: 3/14
     9 | D        | Reached XP level 4. HP: 36/36 MP: 3/16
     9 | D        | Reached XP level 5. HP: 42/42 MP: 3/17
     9 | D        | Reached XP level 6. HP: 49/49 MP: 3/19
     9 | D        | Reached XP level 7. HP: 55/55 MP: 3/20
     9 | D        | Reached XP level 8. HP: 62/62 MP: 3/22
     9 | D        | Gained mutation: You passively map the area around you.
                  | [Deep Dwarf growth]
     9 | D        | Reached XP level 9. HP: 68/68 MP: 3/23
     9 | D        | Reached XP level 10. HP: 75/75 MP: 3/24
     9 | D        | Reached XP level 11. HP: 81/81 MP: 3/25
     9 | D        | Reached XP level 12. HP: 88/88 MP: 3/26
     9 | D        | Reached XP level 13. HP: 94/94 MP: 3/27
     9 | D        | Killed a bag of meat
     9 | D        | Noticed a meat berserker
     9 | D        | Noticed a meat berserker
    10 | D        | Reached skill level 15 in Stealth
    10 | D        | Killed a bag of meat
    10 | D        | Killed a bag of meat
    10 | D        | Killed a bag of meat
    10 | D        | Noticed a bag of meat
    11 | D        | Reached skill level 10 in Fighting
    11 | D        | Reached skill level 15 in Spellcasting
    11 | D        | Gained mutation: You resist negative energy. (rN+) [Deep
                  | Dwarf growth]
    11 | D        | Reached XP level 14. HP: 108/133 MP: 3/33
    11 | D        | Reached XP level 15. HP: 113/139 MP: 3/34
    12 | D        | Killed a meat berserker
    12 | D        | Killed a meat berserker
    13 | D        | Reached XP level 16. HP: 91/171 MP: 4/40
    13 | D        | Reached XP level 17. HP: 96/180 MP: 4/41
    13 | D        | Killed a meat berserker
    14 | D        | Became a worshipper of Makhleb the Destroyer
    14 | D        | Noticed a meat berserker
    16 | D        | Noticed a large bag of meat
    17 | D        | Reached * piety under Makhleb
    18 | D        | Reached skill level 27 in Dodging
    18 | D        | Gained mutation: You passively map a large area around you.
                  | [Deep Dwarf growth]
    18 | D        | Reached XP level 18. HP: 106/199 MP: 5/44
    19 | D        | Noticed a destroyer
    20 | D        | Killed a meat berserker
    20 | D        | Noticed a meat berserker
    21 | D        | Reached skill level 27 in Axes
    21 | D        | Noticed a destroyer
    21 | D        | Noticed a meat berserker
    21 | D        | Noticed a large bag of meat
    23 | D        | Noticed a large bag of meat
    23 | D        | Killed a destroyer
    24 | D        | Reached skill level 27 in Fighting
    24 | D        | Reached skill level 27 in Spellcasting
    24 | D        | Reached XP level 19. HP: 176/226 MP: 6/50
    25 | D        | Noticed a large bag of meat
    27 | D        | Killed a meat berserker
    27 | D        | Reached ** piety under Makhleb
    27 | D        | Killed a meat berserker
    27 | D        | Noticed The Servant
    28 | D        | Noticed an eight-headed meat hydra
    29 | D        | Killed a large bag of meat
    29 | D        | Reached *** piety under Makhleb
    30 | D        | Reached skill level 27 in Invocations
    30 | D        | Reached XP level 20. HP: 211/236 MP: 8/51
    30 | D        | Killed a large bag of meat
    30 | D        | Noticed a large bag of meat
    31 | D        | Reached skill level 27 in Unarmed Combat
    31 | D        | Reached skill level 10 in Maces & Flails
    31 | D        | Reached skill level 10 in Armour
    31 | D        | Noticed a meat berserker
    31 | D        | Killed a large bag of meat
    31 | D        | Reached **** piety under Makhleb
    32 | D        | Reached skill level 15 in Armour
    32 | D        | Reached XP level 21. HP: 179/244 MP: 9/52
    33 | D        | Killed The Servant
    33 | D        | Reached ***** piety under Makhleb
    33 | D        | Killed a large bag of meat
    34 | D        | Reached skill level 27 in Stealth
    34 | D        | Reached XP level 22. HP: 107/254 MP: 9/53
    36 | D        | Killed a large bag of meat
    37 | D        | Reached skill level 27 in Maces & Flails
    37 | D        | Reached skill level 27 in Armour
    38 | D        | Reached skill level 27 in Polearms
    38 | D        | Reached XP level 23. HP: 246/262 MP: 10/54
    38 | D        | Noticed a destroyer
    39 | D        | Noticed a destroyer
    39 | D        | Reached ****** piety under Makhleb
    40 | D        | Reached skill level 27 in Staves
    40 | D        | Reached XP level 24. HP: 256/272 MP: 11/54
    41 | D        | Reached skill level 10 in Translocations
    43 | D        | Reached skill level 10 in Conjurations
    43 | D        | Reached skill level 10 in Summonings
    43 | D        | Reached skill level 10 in Transmutations
    43 | D        | Reached skill level 10 in Fire Magic
    43 | D        | Reached skill level 10 in Ice Magic
    44 | D        | Reached skill level 10 in Air Magic
    44 | D        | Killed a destroyer
    45 | D        | Reached skill level 15 in Conjurations
    45 | D        | Reached skill level 15 in Summonings
    45 | D        | Reached skill level 15 in Transmutations
    45 | D        | Reached skill level 15 in Fire Magic
    45 | D        | Reached skill level 15 in Ice Magic
    45 | D        | Reached XP level 25. HP: 261/280 MP: 12/54
    46 | D        | Killed a destroyer
    47 | D        | Reached skill level 15 in Hexes
    47 | D        | Reached skill level 15 in Poison Magic
    48 | D        | Reached skill level 15 in Air Magic
    49 | D        | Reached XP level 26. HP: 283/290 MP: 13/54
    49 | D        | Noticed an accursed
    52 | D        | Noticed an accursed
    54 | D        | Noticed an accursed
    54 | D        | Noticed a destroyer
    55 | D        | Reached skill level 27 in Earth Magic
    55 | D        | Reached XP level 27. HP: 298/298 MP: 14/54
    55 | D        | Noticed a tyrant
    56 | D        | Killed an accursed
    57 | D        | Noticed an accursed
    57 | D        | Noticed a destroyer
    58 | D        | Noticed a dread
    59 | D        | Killed an accursed
    59 | D        | Noticed a destroyer
    60 | D        | Reached skill level 27 in Translocations
    60 | D        | Killed a destroyer
    60 | D        | Noticed a destroyer
    61 | D        | Noticed a large bag of meat
    62 | D        | Killed an accursed
    62 | D        | Noticed a destroyer
    63 | D        | Reached skill level 27 in Conjurations
    63 | D        | Reached skill level 27 in Summonings
    63 | D        | Reached skill level 27 in Transmutations
    63 | D        | Reached skill level 27 in Fire Magic
    63 | D        | Reached skill level 27 in Ice Magic
    63 | D        | Killed an accursed
    63 | D        | Noticed a large bag of meat
    64 | D        | Reached skill level 27 in Hexes
    64 | D        | Reached skill level 27 in Air Magic
    64 | D        | Reached skill level 27 in Poison Magic
    64 | D        | Killed a tyrant
    64 | D        | Noticed a meat beast
    65 | D        | Killed a destroyer
    65 | D        | Noticed a dread
    66 | D        | Reached skill level 27 in Long Blades
    66 | D        | Noticed a meat beast
    67 | D        | Reached skill level 27 in Short Blades
    67 | D        | Reached skill level 1 in Bows
    67 | D        | Killed a meat beast
    69 | D        | Killed a destroyer
    69 | D        | Killed a destroyer
    70 | D        | Noticed a dread
    71 | D        | Killed a meat beast
    71 | D        | Killed a dread
    71 | D        | Noticed a meat beast
    72 | D        | Reached skill level 27 in Slings
    72 | D        | Reached skill level 27 in Bows
    72 | D        | Reached skill level 27 in Crossbows
    72 | D        | Reached skill level 27 in Throwing
    72 | D        | Reached skill level 27 in Evocations
    72 | D        | Killed a dread
    72 | D        | Killed a large bag of meat
    72 | D        | Killed a destroyer
    73 | D        | Reached skill level 27 in Shields
    73 | D        | Noticed a tyrant
    74 | D        | Killed a dread
    76 | D        | Killed a large bag of meat
    76 | D        | Killed a meat beast
    77 | D        | Noticed a dread
    78 | D        | Noticed an accursed
    78 | D        | Noticed a meat beast
    79 | D        | Noticed a meat beast
    80 | D        | Noticed a destroyer
    80 | D        | Noticed a large bag of meat
    81 | D        | Noticed a destroyer
    82 | D        | Killed a meat beast
    82 | D        | Killed a tyrant
    83 | D        | Noticed a meat beast
    83 | D        | Noticed an accursed
    84 | D        | Noticed a meat beast
    84 | D        | Killed a meat beast
    85 | D        | Noticed a meat beast
    85 | D        | Noticed a meat beast
    86 | D        | Killed a meat beast
    86 | D        | Killed a meat beast
    86 | D        | Noticed a destroyer
    88 | D        | Killed a large bag of meat
    88 | D        | Killed a meat beast
    88 | D        | Killed a destroyer
    89 | D        | Noticed an accursed
    89 | D        | Killed a destroyer
    91 | D        | Noticed a meat beast
    92 | D        | Killed an accursed
    94 | D        | Killed a meat beast
    94 | D        | Noticed a meat beast
    97 | D        | Killed a destroyer
    97 | D        | Killed a meat beast
    98 | D        | Killed an accursed
    99 | D        | Killed an accursed
   100 | D        | Noticed a destroyer
   101 | D        | Killed a meat beast
   102 | D        | Noticed a destroyer
   103 | D        | Killed a dread
   104 | D        | Noticed a tyrant
   106 | D        | Killed a destroyer
   106 | D        | Noticed an accursed
   107 | D        | Noticed a dread
   107 | D        | Noticed an accursed
   107 | D        | Noticed an accursed
   107 | D        | Noticed a dread
   108 | D        | Killed a destroyer
   109 | D        | Noticed a destroyer
   111 | D        | Noticed a destroyer
   112 | D        | Killed a dread
   112 | D        | Killed a destroyer
   112 | D        | Noticed a dread
   114 | D        | Killed a destroyer
   114 | D        | Killed an accursed
   114 | D        | Killed a tyrant
   114 | D        | Noticed an accursed
   116 | D        | Noticed a destroyer
   117 | D        | Killed a dread
   117 | D        | Killed an accursed
   117 | D        | Noticed a tyrant
   118 | D        | Noticed a fleshlord
   119 | D        | Killed a destroyer
   119 | D        | Noticed a destroyer
   119 | D        | Noticed a tyrant
   120 | D        | Noticed a dread
   121 | D        | Killed an accursed
   122 | D        | Killed a destroyer
   123 | D        | Noticed a fleshlord
   125 | D        | Killed a fleshlord
   126 | D        | Killed a fleshlord
   127 | D        | Noticed a fleshlord
   127 | D        | Noticed a fleshlord
   128 | D        | Killed a dread
   131 | D        | Killed a tyrant
   132 | D        | Killed a fleshlord
   132 | D        | Noticed a meat beast
   132 | D        | Noticed a meat beast
   133 | D        | Killed a dread
   133 | D        | Killed a tyrant
   133 | D        | Noticed a dread
   134 | D        | Noticed a fleshlord
   134 | D        | Noticed a large bag of meat
   135 | D        | Noticed a dread
   135 | D        | Noticed a meat beast
   135 | D        | Noticed a fleshlord
   135 | D        | Noticed a meat beast
   136 | D        | Noticed an accursed
   137 | D        | Killed a meat beast
   137 | D        | Killed a meat beast
   137 | D        | Noticed a fleshlord
   137 | D        | Noticed a dread
   139 | D        | Killed a fleshlord
   140 | D        | Noticed a dread
   140 | D        | Killed a fleshlord
   140 | D        | Killed a dread
   140 | D        | Killed a dread
   140 | D        | Killed a meat beast
   141 | D        | Noticed a fleshlord
   142 | D        | Noticed a destroyer
   143 | D        | Killed an accursed
   143 | D        | Killed a fleshlord
   144 | D        | Killed a dread
   144 | D        | Killed a meat beast
   144 | D        | Killed a fleshlord
   144 | D        | Noticed a fleshlord
   145 | D        | Killed a large bag of meat
   146 | D        | Noticed The Meatlord
   146 | D        | Noticed a large bag of meat
   147 | D        | Killed a large bag of meat
   147 | D        | Noticed a tyrant
   147 | D        | Noticed a destroyer
   148 | D        | Killed a fleshlord
   148 | D        | Noticed a destroyer
   149 | D        | Noticed a destroyer
   150 | D        | HP: 13/298 [spore (8)]
   150 | D        | Noticed a meat beast
   150 | D        | Killed from afar by a dread

Illustrated notes

Levels and vault maps discovered:
D:        meatsprint

Skill      XL: |  1  2  3  4  5  6  7  8  9 10 11 12 13 14 15 16 17 18 19 20 21 22 23 24 25 26 27 |
---------------+----------------------------------------------------------------------------------+-----
Axes           | 7 17 23 26 27 | 27.0
Dodging        | 12 18 24 27 | 27.0
Stealth        | 12 18 23 27 | 27.0
Spellcasting   | 10 15 20 22 27 | 27.0
Necromancy     | 27 | 27.0
Fighting       | 10 18 21 27 | 27.0
Unarmed Combat | 2 24 27 | 27.0
Invocations    | 4 27 | 27.0
Maces & Flails | 14 22 27 | 27.0
Polearms       | 13 20 27 | 27.0
Armour         | 15 23 27 | 27.0
Staves         | 21 27 | 27.0
Conjurations   | 8 15 18 21 27 | 27.0
Hexes          | 7 13 16 19 27 | 27.0
Summonings     | 8 15 18 21 27 | 27.0
Translocations | 9 17 20 24 27 | 27.0
Transmutations | 8 15 18 21 27 | 27.0
Fire Magic     | 8 15 18 21 27 | 27.0
Ice Magic      | 8 15 18 21 27 | 27.0
Air Magic      | 6 12 15 18 27 | 27.0
Earth Magic    | 11 20 24 27 | 27.0
Poison Magic   | 7 13 16 19 27 | 27.0
Short Blades   | 27 | 27.0
Long Blades    | 27 | 27.0
Slings         | 27 | 27.0
Bows           | 27 | 27.0
Crossbows      | 27 | 27.0
Throwing       | 27 | 27.0
Shields        | 27 | 27.0
Evocations     | 27 | 27.0

Action                   |  1- 3 |  4- 6 |  7- 9 | 10-12 | 13-15 | 16-18 | 19-21 | 22-24 | 25-27 || total
-------------------------+-------+-------+-------+-------+-------+-------+-------+-------+-------++-------
Melee: Executioner's axe |     1 |       |       |       |     4 |     5 |     5 |     8 |    84 ||   107
 Abil: Heal Wounds       |       |       |       |       |       |       |       |       |     3 ||     3
  Use: Potion            |       |       |       |       |       |       |       |       |     1 ||     1
Armor: Robe              |       |       |       |       |       |       |       |       |     1 ||     1
Dodge: Dodged            |     2 |       |       |       |       |       |     3 |     1 |    16 ||    22
